 Dungeon Crawl Stone Soup version 0.29.1-13-g9f3cf754e1 (webtiles) character file.

Game seed: 8495477162103132972

372 Sanktem7 the Trooper (level 6, -5/57 HPs)
             Began as a Minotaur Berserker on Jan 23, 2023.
             Was a Priest of Trog.
             Engulfed by a cloud of flame (16 damage)
             ... on level 4 of the Dungeon.
             The game lasted 00:07:06 (3297 turns).

Sanktem7 the Trooper (Minotaur Berserker)           Turns: 3297, Time: 00:07:07

Health: -5/57      AC: 11    Str: 23    XL:     6   Next: 43%
Magic:  5/5        EV:  8    Int: 10    God:    Trog [***...]
Gold:   254        SH:  5    Dex: 10    Spells: 5/5 levels left

rFire   . . .      SeeInvis .   f - +1 hand axe (flame) {axe}
rCold   . . .      Faith    .   (no shield)
rNeg    . . .      Spirit   .   r - +0 chain mail
rPois   .          Reflect  +   (helmet restricted)
rElec   .          Harm     .   (no cloak)
rCorr   .          Rampage  .   j - +1 pair of gloves
Will    .....                   (no boots)
Stlth   ..........              z - amulet of reflection
HPRegen 0.19/turn               y - +6 ring of intelligence
MPRegen 0.09/turn               (no ring)

@: no status effects
A: horns 2, retaliatory headbutt
a: Renounce Religion, Berserk, Trog's Hand


You were on level 4 of the Dungeon.
You worshipped Trog.
Trog was most pleased with you.
You visited 1 branch of the dungeon, and saw 4 of its levels.

You collected 254 gold pieces.


Innate Abilities, Weirdness & Mutations

You have a pair of horns on your head.
You reflexively headbutt those who attack you in melee.


   Skills:
 * Level 6.2 Fighting
 * Level 6.1 Axes
 + Level 4.2 Armour
 - Level 2.1 Dodging


You had 5 spell levels left.
You didn't know any spells.
Your spell library was empty.

Inventory:

Hand Weapons
 f - a +1 hand axe of flaming (weapon) {axe}
   (You found it on level 1 of the Dungeon)
Missiles
 e - 45 stones (quivered) {throwing}
 h - 6 poisoned darts {throwing}
Armour
 j - a +1 pair of gloves (worn)
   (You found it on level 1 of the Dungeon)
 r - a +0 chain mail (worn)
   (You found it on level 2 of the Dungeon)
Jewellery
 y - a +6 ring of intelligence (left hand)
   (You found it on level 4 of the Dungeon)
 z - an amulet of reflection (around neck)
   (You found it on level 4 of the Dungeon)
Scrolls
 a - a scroll of teleportation {@r4}
 l - 4 scrolls of amnesia
 o - a scroll of blinking {!r}
 v - a scroll of vulnerability {unknown}
Potions
 b - a potion of brilliance {unknown}
 d - 2 potions of flight
 g - 2 potions of might
 s - a potion of lignification {unknown}
 u - 3 potions of curing {@q1}
 w - a potion of haste {unknown}
 x - a potion of heal wounds {unknown}

Dungeon Overview and Level Annotations

Branches:
Dungeon (4/15) Zot: 20694
 Temple: D:4-7

Altars:
Ashenzari
Dithmenos
Xom
Yredelemnul
Lugonu

Shops:
D:1 =

Portals:
Abyss: D:3

#.##...##........#.####
÷#####...^§§§###.#§.#.#
÷.##.......§§§#§##§..§##
>...........§§§§§§###§§#
............#§§§§§§§§§§#
..........###§§§§§§§§§##
..........##§§§§§§§§###
..........###§§§§§§§#
..........###§§§@§###
.......#.§§§§§§§§##
.......##§§#§§§§§§#
....##....###§#§§##
....##...## ######
....#....# ....###..#
....###..###
...........#


There were no monsters in sight!


Message History

Done exploring. 😎 HP[+5]
Your hp is fully restored (57).
Okay, then.
You feel clever.
y - a +6 ring of intelligence (left hand)
You start putting on your amulet.
You continue putting on your amulet of reflection. x5
You finish putting on your amulet of reflection.
You feel a shielding aura gather around you.
z - an amulet of reflection (around neck)
As you read the scroll labelled KOLAKKOORE, it crumbles to dust.
It is a scroll of amnesia.
You feel forgetful for a moment.
As you read the scroll labelled VUUPECKIECS, it crumbles to dust.
You feel strangely unstable.
It was a scroll of teleportation.
As you read the scroll labelled BEORGHE GACOT, it crumbles to dust.
It is a scroll of identify.
g - 2 potions of might
As you read the scroll of identify {@r1}, it crumbles to dust.
d - 2 potions of flight
As you read the scroll of identify {@r1}, it crumbles to dust.
u - 3 potions of curing Your surroundings suddenly seem different.
As you read the scroll labelled SALITE LARYX, it crumbles to dust.
You hear the tinkle of a tiny bell.
It was a scroll of butterflies.
As you read the scroll labelled SOEKIDD SENGA, it crumbles to dust.
It is a scroll of enchant weapon.
Your +0 hand axe of flaming {axe} glows red for a moment.
As you read the scroll labelled PEL FEDOGAUZ, it crumbles to dust.
It is a scroll of enchant armour.
Your +0 pair of gloves glows green for a moment.
As you read the scroll labelled BIDYSIACVI, it crumbles to dust.
The creatures around you are filled with an inner flame!
It was a scroll of immolation.
Blink to where?
Press: ? - help, Dir - move target, f - butterfly
Aim: a butterfly (summoned, inner flame, friendly)
You can't blink onto your butterfly!
Blink to where?
Press: ? - help, Dir - move target, p - butterfly
As you read the scroll labelled LERPHE BYHUES, it crumbles to dust.
It was a scroll of blinking.
As you read the scroll labelled CAGOMN YHOKKA, it crumbles to dust.
You assume a fearsome visage.
Nothing appears to happen.
It was a scroll of fear.
As you read the scroll labelled WUDELA UROELORCH, it crumbles to dust.
You hear a loud clanging noise!
It was a scroll of noise.
The air fills with toxic fumes!
As you read the scroll labelled UMEXUD UNNO, it crumbles to dust.
It was a scroll of poison.
Your butterfly is poisoned.
Your butterfly is engulfed in poison gas.
Your butterfly is poisoned.
Your butterfly disappears in a burst of colours!
The fiery explosion engulfs your butterfly!!!
Your butterfly disappears in a burst of colours!
The fiery explosion engulfs your butterfly!!
Your butterfly disappears in a burst of colours!
The fiery explosion engulfs your butterfly!!!
Your butterfly disappears in a burst of colours!
The fiery explosion engulfs you!
The fiery explosion engulfs your butterfly!!
Your butterfly disappears in a burst of colours!
The fiery explosion engulfs your butterfly!!
Your butterfly disappears in a burst of colours!
The fiery explosion engulfs your butterfly!!
Your butterfly disappears in a burst of colours!
The fiery explosion engulfs your butterfly!
Your butterfly disappears in a burst of colours!
The fiery explosion engulfs your butterfly!!
Your butterfly disappears in a burst of colours!
The fiery explosion engulfs your butterfly!!
Your butterfly disappears in a burst of colours!
The fiery explosion engulfs you!!
* * * LOW HITPOINT WARNING * * *
The fiery explosion engulfs you!
* * * LOW HITPOINT WARNING * * *
The fiery explosion engulfs your butterfly!
Your butterfly disappears in a burst of colours!
The fiery explosion engulfs your butterfly!!
Your butterfly disappears in a burst of colours!
The fiery explosion engulfs your butterfly!!
Your butterfly disappears in a burst of colours!
The fiery explosion engulfs your butterfly!
Your butterfly disappears in a burst of colours!
The fiery explosion engulfs your butterfly!!
Your butterfly disappears in a burst of colours!
The fiery explosion engulfs your butterfly!!
Your butterfly disappears in a burst of colours!
The fiery explosion engulfs your butterfly!!
Your butterfly disappears in a burst of colours! 😱 HP[-46]
You take 46 damage, and now have 11/57 hp.
MASSIVE DAMAGE!! (PAUSE)
You are engulfed in blazing flames.
You die...

Skill      XL: |  1  2  3  4  5  6 |
---------------+-------------------+-----
Fighting       | 4 5 6 |  6.2
Axes           | 4 5 6 |  6.1
Armour         | 3 4 |  4.2
Dodging        | |  2.1

Action                   |  1- 3 |  4- 6 || total
-------------------------+-------+-------++-------
Melee: Hand axe          |    87 |    82 ||   169
       Headbutt          |    13 |     7 ||    20
       Punch             |     1 |     1 ||     2
  Use: Scroll            |       |    13 ||    13
Armor: Animal skin       |    11 |       ||    11
       Ring mail         |     6 |       ||     6
       Chain mail        |    13 |    44 ||    57
Dodge: Dodged            |    54 |    34 ||    88

Levels and vault maps discovered:
D:1:      dpeg_arrival_stonehenge_12_columns, layout_basic,
          shapermc_ecumenical_altar_mp_vishouse, serial_shops,
          nicolae_shop_statue_plus, hangedman_decor_growths,
          grunt_decor_arrowhead, minmay_pentomino_u2
D:2:      layout_rooms, basic_altar, minmay_rat_gold_closets
D:3:      due_chaos_kobolds, layout_basic, overflow_temple_1_default,
          yredelemnul_altar_generic, uniq_terence
D:4:      layout_cave_pools, mainiacjoe_overflow_alcove_1,
          kennysheep_generic_room_2

Notes
Turn   | Place    | Note
-------+----------+-------------------------------------------
     0 | D:1      | Sanktem7 the Minotaur Berserker began the quest for the
                  | Orb.
     0 | D:1      | Reached XP level 1. HP: 19/19 MP: 0/0
     0 | D:1      | magus.rc [v1.9.6]
    93 | D:1      | Reached XP level 2. HP: 19/27 MP: 1/1
   315 | D:1      | Reached skill level 4 in Fighting
   315 | D:1      | Reached skill level 4 in Axes
   492 | D:1      | Found Kidwaupo's Jewellery Emporium.
   662 | D:1      | Found a faded altar of an unknown god.
  1332 | D:2      | Found a shadowy altar of Dithmenos.
  1342 | D:2      | Reached XP level 3. HP: 33/33 MP: 2/2
  1379 | D:2      | Reached skill level 3 in Armour
  1450 | D:2      | Reached ** piety under Trog
  1854 | D:3      | Found a one-way gate to the infinite horrors of the Abyss.
  1951 | D:3      | Reached XP level 4. HP: 40/41 MP: 3/3
  1996 | D:3      | Found a basalt altar of Yredelemnul.
  2033 | D:3      | Found a shimmering altar of Xom.
  2039 | D:3      | Found a large runed translucent door.
  2040 | D:3      | Found a large runed translucent door.
  2041 | D:3      | Found a corrupted altar of Lugonu.
  2300 | D:3      | Noticed Terence
  2307 | D:3      | Killed Terence
  2308 | D:3      | Reached skill level 5 in Fighting
  2308 | D:3      | Reached skill level 5 in Axes
  2473 | D:4      | Reached XP level 5. HP: 45/48 MP: 4/4
  2502 | D:4      | Reached *** piety under Trog
  2519 | D:4      | Reached skill level 4 in Armour
  2521 | D:4      | Reached XP level 6. HP: 34/57 MP: 5/5
  2695 | D:4      | Reached skill level 6 in Fighting
  2924 | D:4      | Reached skill level 6 in Axes
  3012 | D:4      | Found a broken altar of Ashenzari.
  3296 | D:4      | HP: 11/57 [spore (16)]
  3297 | D:4      | Engulfed by a cloud of flame

Vanquished Creatures
  2 necrophages (D:4)
  An orc priest (D:4)
  Terence (D:3)
  An iguana (D:4)
  An orc wizard (D:4)
  5 adders
  3 dart slugs
  6 orcs
  8 ball pythons
  11 endoplasms
  2 giant cockroaches
  8 goblins
  5 hobgoblins
  5 jackals
  3 quokkas
  10 bats
  2 frilled lizards
  6 kobolds
  10 rats
90 creatures vanquished.

Table legend:
 A = Non-vault XP
 B = Vault XP
 C = Vault XP percentage of total XP
 D = Non-vault monster count
 E = Vault monster count
 F = Vault count percentage of total count
                 A         B        C        D         E       F
            +---------+---------+-------+---------+---------+-------
      Total |     480 |      52 |   9.8 |      77 |      13 |  14.4
            +---------+---------+-------+---------+---------+-------
        D:1 |      28 |       2 |   6.7 |      17 |       2 |  10.5
        D:2 |      40 |       5 |  11.1 |      17 |       5 |  22.7
        D:3 |      75 |      43 |  36.4 |      23 |       5 |  17.9
        D:4 |     337 |       2 |   0.6 |      20 |       1 |   4.8
            +---------+---------+-------+---------+---------+-------

Illustrated notes

Table legend:
 A = Kills in this place as a percentage of kills in entire the game.
 B = Kills by you in this place as a percentage of kills by you in the entire game.
 C = Kills by friends in this place as a percentage of kills by friends in the entire game.
 D = Other kills in this place as a percentage of other kills in the entire game.
 E = Experience gained in this place as a percentage of experience gained in the entire game.
 F = Experience gained in this place divided by the number of levels of this place that you have seen.
                   A       B       C       D       E      F
               +-------+-------+-------+-------+-------+----------------------
         Total | 100.0 | 100.0 |   N/A |   N/A | 100.0 | 133.0
       Dungeon | 100.0 | 100.0 |   N/A |   N/A | 100.0 | 133.0
               +-------+-------+-------+-------+-------+----------------------

Table legend: (Time is in decaauts)
 A = Elapsed time spent in this place.
 B = Non-inter-level travel time spent in this place.
 C = Inter-level travel time spent in this place.
 D = Time resting spent in this place.
 E = Time spent auto-exploring this place.
 F = Levels seen in this place.
 G = Mean time per level.
                   A        B        C        D        E       F      G
               +--------+--------+--------+--------+--------+-----+--------+
         Total |   3305 |   3237 |     68 |      0 |   2633 |   4 |  826.2 |
       Dungeon |   3305 |   3237 |     68 |      0 |   2633 |   4 |  826.2 |
               +--------+--------+--------+--------+--------+-----+--------+

Top non-repeatable levels by time:
     D:1: 1151 daAuts
     D:4: 832 daAuts
     D:3: 765 daAuts
     D:2: 555 daAuts
